Map: [ESL] Gresvan

Players

soO

  • Race: Zerg Zerg

Elazer - Winner!

  • Race: Zerg Zerg

Event: IEM Katowice 2023

VOD

Have the link to the VOD?

Description

Time

  • Played on: Feb. 8, 2023, 7:19 a.m.
  • Length: 12:13

All games in this series

Show
View Real Time Build Order
Export as new Build Order

soO Zerg 

Build Orders: Hatch First 

Get SALT Encoding   

  12  0:01  Drone  
  13  0:12  Overlord  
  13  0:16  Drone  
  14  0:30  Drone x2  
  16  0:48  Hatchery  
  15  0:50  Drone  
  15  0:54  Drone  
  17  0:57  Drone  
  18  1:08  Extractor  
  17  1:12  Spawning Pool  
  17  1:15  Drone  
  17  1:18  Drone  
  18  1:27  Drone  
  19  1:40  Drone  
  20  1:55  Drone  
  20  1:59  Queen x2  
  20  2:00  Drone x2  
  27  2:10  Overlord  
  27  2:11  Drone  
  27  2:15  Metabolic Boost  
  28  2:26  Hatchery  
  28  2:29  Drone  
  28  2:31  Drone  
  28  2:34  Drone  
  30  2:41  Queen  
  30  2:43  Drone  
  33  2:48  Overlord  
  33  2:54  Baneling Nest  
  33  2:56  Zergling x2  
  33  2:58  Drone  
  34  3:00  Zergling x2  
  34  3:05  Drone  
  36  3:07  Drone  
  36  3:08  Drone  
  36  3:09  Drone  
  36  3:12  Drone  
  40  3:13  Zergling x2  
  40  3:14  Zergling x2  
  42  3:21  Overlord  
  42  3:23  Drone x2  
  44  3:32  Evolution Chamber  
  44  3:33  Drone  
  44  3:39  Drone x2  
  44  3:41  Drone  
  47  3:42  Drone  
  47  3:45  Drone  
  49  3:52  Baneling, Drone  
  49  3:53  Drone  
  49  3:55  Extractor  
  49  3:58  Roach Warren  
  49  3:59  Zerg Ground Armor Level 1  
  49  4:00  Drone x2  
  49  4:01  Drone  
  49  4:02  Drone x2  
  53  4:05  Zergling x2  
  53  4:06  Zergling x2  
  53  4:09  Overlord  
  55  4:12  Overlord  
  55  4:15  Drone x2  
  57  4:20  Baneling  
  57  4:21  Overlord  
  57  4:28  Overlord  
  57  4:37  Overlord  
  57  4:41  Roach  
  57  4:42  Roach x5  
  69  4:47  Roach x2  
  69  4:48  Zergling x10  
  78  4:54  Roach  
  78  4:57  Spine Crawler  
  81  5:00  Roach  
  81  5:03  Roach  
  83  5:09  Roach  
  83  5:13  Roach, Zergling x10  
  86  5:16  Roach, Zergling x4  
  86  5:20  Roach, Zergling x2  
  79  5:22  Zergling x2  
  79  5:23  Zergling x2  
  79  5:24  Roach  
  79  5:28  Roach  
  71  5:32  Queen  
  71  5:34  Roach  
  63  5:36  Zergling x6  
  63  5:40  Roach  
  63  5:42  Roach  
  62  5:47  Roach  
  62  5:49  Zergling x4  
  64  5:52  Zergling x2  
  64  5:53  Roach  
  61  5:58  Roach  
  61  6:02  Roach  
  57  6:05  Queen  
  57  6:07  Roach  
  57  6:11  Queen  
  58  6:18  Roach  
  58  6:19  Drone x2  
  58  6:21  Drone x2  
  58  6:25  Drone  
  63  6:28  Drone  
  63  6:31  Roach  
  66  6:35  Baneling x2  
  66  6:37  Zergling x2  
  67  6:41  Roach, Zergling x8  
  67  6:46  Roach  
  75  6:57  Roach x2, Zergling x2  
  74  7:08  Roach x2, Zergling x2  
  65  7:13  Roach x2  
  65  7:15  Zergling x6  
  66  7:18  Zergling x2  
  66  7:19  Roach, Queen, Zergling x8  
  66  7:20  Queen  
  69  7:26  Roach  
  69  7:27  Roach  
  71  7:33  Roach  
  73  7:37  Baneling  
  73  7:39  Roach  
  75  7:52  Ravager  
  75  7:54  Drone x5  
  81  8:06  Drone x5  
  81  8:12  Lair, Drone x2  
  88  8:13  Extractor, Drone  
  88  8:17  Extractor  
  87  8:20  Overlord  
  87  8:22  Overlord  
  87  8:23  Overlord  
  87  8:28  Drone x3  
  87  8:30  Zerg Missile Weapons Level 1  
  87  8:32  Extractor, Drone x6  
  95  8:36  Overlord, Extractor  
  96  8:41  Roach x2  
  102  8:48  Roach x3  
  104  8:57  Roach x2  
  104  8:58  Overlord  
  104  9:00  Roach x2  
  104  9:01  Roach x2  
  116  9:10  Glial Reconstitution  
  116  9:14  Hatchery  
  116  9:15  Roach  
  116  9:16  Roach x3  
  123  9:20  Drone  
  123  9:21  Roach  
  123  9:22  Roach  
  126  9:27  Roach, Ravager  
  126  9:28  Roach  
  131  9:31  Roach x2  
  131  9:32  Roach  
  131  9:37  Overlord  
  137  9:41  Overlord  
  137  9:44  Overlord  
  137  9:46  Overlord  
  137  9:53  Roach  
  137  9:57  Roach x3  
  137  9:58  Roach x2  
  144  10:06  Ravager x3  
  147  10:08  Roach x6  
  147  10:13  Roach x3  
  164  10:17  Roach  
  164  10:18  Roach  
  164  10:21  Overlord  
  168  10:22  Ravager  
  168  10:23  Overlord  
  168  10:24  Overlord  
  169  10:29  Roach x2  
  169  10:32  Ravager x2  
  172  10:37  Roach x3  
  172  10:39  Roach  
  172  10:41  Roach x2  
  169  10:44  Roach  
  169  10:46  Roach  
  169  10:47  Roach  
  154  10:51  Roach  
  154  10:52  Roach  
  154  10:55  Roach  
  128  10:57  Roach  
  128  11:00  Roach  
  128  11:03  Roach  
  107  11:09  Roach  
  89  11:11  Roach  
  89  11:13  Roach  
  89  11:17  Roach  
  89  11:18  Roach  
  92  11:22  Roach  
  92  11:25  Ravager x2  
  95  11:31  Ravager  
  95  11:32  Roach  
  99  11:37  Roach x2  
  103  11:42  Roach x2  
  103  11:46  Roach x2  
  111  11:51  Roach x2  
Show
View Real Time Build Order
Export as new Build Order

Elazer Zerg - Winner!

Build Orders: Hatch First 

Get SALT Encoding   

  12  0:00  Drone  
  13  0:12  Overlord  
  13  0:17  Drone  
  14  0:31  Drone x2  
  16  0:48  Hatchery  
  15  0:52  Drone  
  15  0:55  Drone  
  17  0:59  Drone  
  18  1:11  Extractor  
  17  1:13  Spawning Pool  
  17  1:17  Drone  
  17  1:20  Drone  
  18  1:27  Drone  
  19  1:38  Drone  
  20  1:49  Drone  
  21  2:00  Queen x2  
  21  2:01  Zergling x2  
  26  2:02  Overlord  
  26  2:11  Metabolic Boost  
  26  2:13  Drone x2  
  28  2:23  Drone x2  
  30  2:33  Hatchery  
  30  2:36  Drone  
  30  2:38  Drone  
  31  2:44  Baneling Nest  
  31  2:47  Drone  
  31  2:50  Overlord  
  31  2:56  Drone x2  
  33  3:05  Drone x2  
  35  3:07  Overlord  
  35  3:08  Drone  
  35  3:12  Zergling x6  
  39  3:15  Zergling x2  
  39  3:19  Drone x2  
  42  3:27  Roach Warren  
  42  3:28  Extractor  
  42  3:32  Drone x2  
  42  3:39  Overlord  
  42  3:40  Drone x3  
  44  3:44  Drone x2  
  44  3:47  Drone x2  
  48  3:53  Overlord  
  48  4:01  Overlord  
  48  4:08  Roach  
  50  4:12  Roach x3  
  50  4:13  Roach  
  50  4:14  Roach  
  62  4:17  Roach  
  62  4:19  Roach  
  62  4:20  Overlord  
  62  4:23  Roach x2  
  68  4:24  Roach  
  68  4:27  Roach  
  68  4:30  Roach  
  74  4:35  Zergling x6  
  77  4:41  Zergling x4  
  79  4:46  Zergling x4  
  79  4:47  Zergling x4  
  79  4:52  Baneling x4  
  83  4:53  Zergling x8  
  83  4:56  Baneling  
  87  5:01  Baneling  
  87  5:03  Zergling x4  
  89  5:13  Zergling x6  
  85  5:18  Zergling x10  
  77  5:25  Zergling x6  
  77  5:28  Ravager  
  79  5:29  Queen  
  79  5:32  Zergling x6  
  79  5:38  Ravager  
  76  5:48  Roach x3  
  76  5:56  Roach x3  
  76  6:00  Roach x3  
  78  6:08  Zergling x2  
  78  6:09  Zergling x10  
  76  6:13  Zergling x2  
  75  6:19  Zergling x2  
  75  6:22  Zergling x4  
  74  6:28  Zergling x14  
  81  6:34  Zergling x4  
  81  6:36  Baneling  
  81  6:37  Baneling x5  
  81  6:38  Baneling x3  
  83  6:41  Overlord  
  83  6:44  Drone  
  83  6:47  Evolution Chamber  
  83  6:48  Drone x4  
  85  7:00  Drone x8  
  85  7:07  Zergling x4  
  78  7:15  Overlord, Zerg Missile Weapons Level 1  
  75  7:18  Extractor  
  75  7:19  Extractor x2  
  75  7:20  Drone x2  
  71  7:25  Lair  
  71  7:27  Drone x5  
  74  7:32  Drone  
  74  7:35  Roach x4  
  74  7:37  Overlord  
  83  7:41  Extractor, Drone x3  
  85  7:45  Overlord  
  85  7:46  Roach x3  
  91  7:53  Roach  
  91  7:54  Roach  
  91  7:58  Roach x2  
  99  8:01  Overlord  
  99  8:03  Roach x5  
  107  8:07  Roach  
  107  8:08  Roach  
  107  8:11  Spine Crawler  
  110  8:14  Spine Crawler  
  110  8:17  Roach x3  
  115  8:22  Roach x2  
  115  8:24  Overlord  
  119  8:27  Roach  
  119  8:28  Roach  
  119  8:31  Roach  
  119  8:33  Roach  
  127  8:36  Ravager x3  
  127  8:39  Overlord  
  130  8:47  Roach x3  
  138  8:52  Glial Reconstitution  
  138  8:55  Overlord x3  
  138  8:58  Ravager  
  138  8:59  Roach x3  
  138  9:02  Overseer  
  145  9:10  Overlord  
  145  9:15  Zerg Missile Weapons Level 2  
  145  9:22  Roach  
  145  9:23  Roach x3  
  153  9:28  Hatchery, Roach x3  
  153  9:31  Overlord  
  158  9:32  Roach  
  160  9:45  Roach x6  
  170  9:53  Roach x4  
  176  10:00  Overlord x2  
  176  10:03  Roach x2  
  180  10:07  Roach x2  
  180  10:12  Ravager x2  
  186  10:21  Roach x5  
  182  10:49  Roach x13  
  190  10:54  Roach x3  
  164  11:00  Roach  
  164  11:01  Roach x2  
  141  11:04  Roach  
  127  11:12  Roach x4  
  127  11:16  Roach x2  
  122  11:21  Roach x2  
  126  11:27  Roach x3  
  126  11:28  Roach  
  126  11:29  Ravager x2  
  136  11:34  Drone x3  
  136  11:38  Drone x2  
  141  11:47  Roach x4  

Tags
 
Add a new tag
Caveats
  • Supply blocks, unpowered buildings, or Contaminate may cause inaccurate times.
  • Supply counts are checked every 10 seconds.